 Dungeon Crawl Stone Soup version 0.23.2-40-g277498a001 (webtiles) character file.

Game seed: 10174128575168932458

7189 Exodus22XD the Cleaver (level 10, -11/135 HPs)
             Began as a Minotaur Fighter on Aug 31, 2019.
             Was a Follower of the Shining One.
             Killed from afar by a hell hound (13 damage)
             ... with a blast of flame
             ... in a volcano.
             The game lasted 00:21:12 (7483 turns).

Exodus22XD the Cleaver (Minotaur Fighter)           Turns: 7483, Time: 00:21:12

Health: -11/135    AC: 25    Str: 24    XL:     10   Next: 87%
Magic:  9/9        EV:  2    Int:  9    God:    the Shining One [*.....]
Gold:   486        SH: 11    Dex: 10    Spells: 9/9 levels left

rFire    . . .     SeeInvis .   a - +0 war axe
rCold    . . .     Gourm    .   c - +0 shield
rNeg     + + +     Faith    .   (armour currently unavailable)
rPois    +         Spirit   .   (helmet currently unavailable)
rElec    .         Reflect  .   (cloak currently unavailable)
rCorr    .         Harm     .   (gloves currently unavailable)
MR       .....     NoTele   +   (boots currently unavailable)
Stlth    +.........             (no amulet)
HPRegen  0.32/turn              A - +5 ring of slaying
MPRegen  0.11/turn              D - +4 ring of intelligence

@: tree-form, glowing
A: (retaliatory headbutt)
a: Renounce Religion


You were in a volcano.
You worshipped the Shining One.
The Shining One was aware of your devotion.
You were hungry.
You were a tree.
You visited 3 branches of the dungeon, and saw 11 of its levels.
You also visited: Volcano.

You collected 567 gold pieces.
You spent 81 gold pieces at shops.

Inventory:

Hand Weapons
 a - a +0 war axe (weapon)
 B - a +1 battleaxe of flaming
Missiles
 g - 2 throwing nets (quivered)
Armour
 c - a +0 shield (worn)
 k - a +0 cloak
 u - a scarf of repulsion
 x - a +0 chain mail (melded)
 y - a +2 pair of boots (melded)
 H - a +0 pair of gloves (melded)
 J - a +0 cloak of fire resistance (melded)
Jewellery
 A - a +5 ring of slaying (left branch)
 D - a +4 ring of intelligence (right branch)
Wands
 n - a wand of polymorph (12)
 r - a wand of acid (9)
 G - a wand of paralysis (6)
 I - a wand of digging (4)
Scrolls
 h - 2 scrolls of magic mapping
 m - 4 scrolls of immolation
 o - 2 scrolls of enchant weapon {unknown}
 p - 6 scrolls of teleportation
 s - a scroll of amnesia {unknown}
 v - a scroll of blinking {unknown}
 w - 3 scrolls of fog {unknown}
 F - 3 scrolls of random uselessness {unknown}
Potions
 b - a potion of lignification
 d - a potion of might
 e - a potion of ambrosia
 j - 4 potions of curing {unknown}
 l - 3 potions of heal wounds {unknown}
 q - a potion of degeneration {unknown}
 z - 3 potions of flight {unknown}
 C - a potion of berserk rage {unknown}
 E - 2 potions of mutation {unknown}
 L - a potion of resistance {unknown}
Miscellaneous
 K - a lightning rod (4/4)
Comestibles
 f - 13 rations


   Skills:
 + Level 8.6 Fighting
 + Level 13.2 Axes
 + Level 9.5 Armour
 + Level 3.5 Dodging
 + Level 9.0 Shields


You had 9 spell levels left.
You didn't know any spells.
Your spell library contained the following spells:

 Spells                   Type           Power        Failure   Level  Hunger
 Beastly Appendage        Tmut           #.....       65%         1    ##.....
 Sandblast                Erth           #.....       65%         1    ##.....
 Passwall                 Tmut/Erth      #.......     78%         2    ###....
 Sticks to Snakes         Tmut           #.......     78%         2    ###....
 Spider Form              Tmut/Pois      #.........   95%         3    ####...
 Stone Arrow              Conj/Erth      #.....       95%         3    ####...
 Ice Form                 Ice/Tmut       #.......     100%        4    #####..
 Petrify                  Tmut/Erth      #.......     100%        4    #####..
 Blade Hands              Tmut           #.........   100%        5    ######.
 Lee's Rapid Deconstruct  Erth           #.........   100%        5    ######.


Dungeon Overview and Level Annotations

Branches:
Dungeon (9/15)             Temple (1/1) D:7            Lair (1/6) D:9
    Orc: D:9-12

Altars:
Dithmenos
Elyvilon
Fedhas
Gozag
Hepliaklqana
Kikubaaqudgha
Nemelex Xobeh
Qazlal
Ru
Sif Muna
Trog
Uskayaw
Vehumet
Wu Jian
Xom
Zin
The Shining One

Shops:
D:4 (   D:9 [


Innate Abilities, Weirdness & Mutations

((You reflexively headbutt those who attack you in melee.))
((You have a pair of horns on your head.))


Message History

The blast of flame hits you!!
* * * LOW HITPOINT WARNING * * *
The hell hound bites you but does no damage.
Press: ? - help, v - describe, . - travel
Here: a hell hound (lightly wounded, haloed)
The floor, spattered with blood.
You don't know any spells.
Unknown command.
You hit the hell hound.
The hell hound is lightly wounded.
You block the hell hound's attack.
You hit the hell hound.
The hell hound is moderately wounded.
The hell hound bites you but does no damage.
You slash the hell hound!
The hell hound is severely wounded.
The hell hound bites you but does no damage.
The hell hound breathes flames at you. The blast of flame hits you!
You die...

##§≈##.###..###.. ###
##.#....§.§...... ##
###..§.§≈§§≈≈§... ##§
##....≈≈≈≈§§≈≈≈§.. #≈§#
#...h≈≈§§§≈§§§§§≈§ ##≈≈≈##
##....≈≈≈§≈≈§≈≈§≈§ #§≈§≈≈##
#....≈≈≈≈≈≈§≈§§§§§ #§≈..≈≈##
###....≈§§≈≈§§§≈§≈
#....∩.####♣hk....§§§≈§§§≈..
#......#...##.....§.§.§.....
##...##..#########†###.#####
######### #####.## ###
##!.∩#.## #.#...#.#
###.[...## #≈≈≈..§≈≈#
##≈≈≈≈§≈##


You could see a lindwurm and a hell hound.

Vanquished Creatures
  A fire dragon (Volcano)
  Grinder (D:6)
  2 hippogriffs (D:9)
  Prince Ribbit (D:8)
  Sigmund (D:5)
  6 yaks (D:9)
  A steam dragon (Volcano)
  2 hell hounds (Volcano)
  2 porcupines (D:9)
  2 orc warriors (D:9)
  2 sky beasts
  An eye of draining (D:8)
  A phantom (D:7)
  An ice beast (D:8)
  2 black bears
  7 ogres
  5 centaurs
  2 crocodiles (D:9)
  A big kobold (D:9)
  4 bullfrogs
  A wyvern zombie (D:6)
  A water moccasin zombie (D:8)
  A wyvern skeleton (D:3)
  2 scorpions
  A water moccasin skeleton (D:4)
  3 killer bees (D:8)
  6 howler monkeys
  2 vampire bats (D:3)
  A crimson imp (D:7)
  A quasit (D:9)
  A bullfrog skeleton (D:4)
  2 jellies
  An orc priest (D:9)
  6 hounds
  5 iguanas
  5 worker ants
  2 orc wizards (D:9)
  A killer bee zombie (D:6)
  A hound zombie (D:6)
  A hound skeleton (D:6)
  10 gnolls
  A howler monkey skeleton (D:9)
  15 adders
  3 shadow imps
  3 oozes
  An adder skeleton (D:9)
  A worm (D:2)
  2 dart slugs
  4 leopard geckos
  15 orcs
  2 ball pythons
  9 bats
  2 bat skeletons (D:3)
  4 bat zombies (D:3)
  5 giant cockroaches
  10 goblins
  5 hobgoblins
  7 jackals
  A quokka (D:4)
  5 frilled lizards
  9 kobolds
  A leopard gecko zombie (D:6)
  9 rats
213 creatures vanquished.

Vanquished Creatures (others)
  2 fungi (D:9)
  4 plants (D:9)
6 creatures vanquished.

Grand Total: 219 creatures vanquished

Notes
Turn   | Place    | Note
-------+----------+-------------------------------------------
     0 | D:1      | Exodus22XD the Minotaur Fighter began the quest for the
                  | Orb.
     0 | D:1      | Reached XP level 1. HP: 19/19 MP: 0/0
   215 | D:1      | Reached XP level 2. HP: 27/27 MP: 1/1
   564 | D:2      | Reached XP level 3. HP: 33/33 MP: 2/2
   571 | D:2      | Reached skill level 3 in Axes
  1019 | D:2      | Reached XP level 4. HP: 40/40 MP: 3/3
  1029 | D:2      | Reached skill level 4 in Axes
  1043 | D:2      | Noticed a centaur
  1054 | D:2      | Killed a centaur
  1054 | D:2      | Reached skill level 1 in Dodging
  1054 | D:2      | Reached XP level 5. HP: 31/47 MP: 4/4
  1151 | D:3      | Reached skill level 5 in Axes
  1625 | D:3      | Reached XP level 6. HP: 25/53 MP: 5/5
  1884 | D:3      | Reached skill level 5 in Shields
  2055 | D:3      | Found an ancient bone altar of Kikubaaqudgha.
  2061 | D:3      | Reached skill level 5 in Fighting
  2061 | D:3      | Reached skill level 6 in Axes
  2061 | D:3      | Reached skill level 5 in Armour
  2075 | D:3      | Reached XP level 7. HP: 56/61 MP: 6/6
  2490 | D:4      | Found Orolikhla's Weapon Emporium.
  2619 | D:4      | Reached skill level 7 in Axes
  2656 | D:5      | Entered Level 5 of the Dungeon
  2917 | D:5      | Found a bloodstained altar of Trog.
  2917 | D:5      | Found a white marble altar of Elyvilon.
  2925 | D:5      | Found a radiant altar of Vehumet.
  3018 | D:5      | Reached XP level 8. HP: 65/69 MP: 7/7
  3058 | D:5      | Found a blossoming altar of Fedhas.
  3108 | D:5      | Noticed Sigmund
  3121 | D:5      | Killed Sigmund
  3121 | D:5      | Reached skill level 8 in Axes
  3611 | D:6      | Found a glowing silver altar of Zin.
  3991 | D:6      | Noticed Grinder
  3995 | D:6      | Reached skill level 9 in Axes
  4008 | D:6      | Paralysed by Grinder for 7 turns
  4017 | D:6      | Killed Grinder
  4215 | D:6      | Reached XP level 9. HP: 74/78 MP: 8/8
  4289 | D:6      | Found an ornate altar of the Wu Jian Council.
  4965 | D:7      | Reached skill level 10 in Axes
  5027 | D:7      | Found a hazy altar of Hepliaklqana.
  5216 | D:7      | Found a deep blue altar of Sif Muna.
  5481 | D:7      | Found a staircase to the Ecumenical Temple.
  5536 | Temple   | Entered the Ecumenical Temple
  5546 | Temple   | Became a worshipper of the Shining One
  5774 | D:8      | Noticed Prince Ribbit
  5807 | D:8      | Killed Prince Ribbit
  6020 | D:8      | Found a sparkling altar of Nemelex Xobeh.
  6043 | D:8      | Reached skill level 11 in Axes
  6236 | D:8      | Found a stormy altar of Qazlal.
  6303 | D:8      | Found an opulent altar of Gozag.
  6519 | D:9      | Reached XP level 10. HP: 81/86 MP: 9/9
  6584 | D:9      | Found a shimmering altar of Xom.
  6647 | D:9      | Found a staircase to the Lair.
  6701 | D:9      | Reached skill level 12 in Axes
  6849 | D:9      | Found Hotowits's Antique Armour Shoppe.
  6863 | D:9      | Bought a pair of gloves for 81 gold pieces
  6885 | D:9      | Reached * piety under the Shining One
  7014 | D:9      | Found a shimmering altar of Xom.
  7162 | Lair:1   | Entered Level 1 of the Lair of Beasts
  7178 | Lair:1   | Found a dark tunnel.
  7211 | Volcano  | Entered a volcano
  7257 | Volcano  | Noticed a fire dragon
  7271 | Volcano  | Killed a fire dragon
  7271 | Volcano  | Reached skill level 13 in Axes
  7349 | Volcano  | Noticed a lindwurm
  7480 | Volcano  | HP: 1/135 [lindwurm/blast of flame (33)]
  7483 | Volcano  | Killed from afar by a hell hound

Skill      XL: |  1  2  3  4  5  6  7  8  9 10 |
---------------+-------------------------------+-----
Armour         | 4 5 7 8 9 |  9.5
Fighting       | 4 5 6 7 8 |  8.6
Shields        | 4 5 6 7 9 |  9.0
Axes           | 3 4 5 6 7 9 11 13 | 13.2
Dodging        | 1 2 3 |  3.5

Action                   |  1- 3 |  4- 6 |  7- 9 | 10-12 || total
-------------------------+-------+-------+-------+-------++-------
Melee: War axe           |    90 |   103 |   261 |   114 ||   568
       Headbutt          |     7 |    18 |    49 |    18 ||    92
  Use: Scroll            |       |       |    11 |     3 ||    14
       Potion            |       |       |       |     3 ||     3
  Eat: Chunk             |     1 |     3 |    14 |     3 ||    21
Armor: Scale mail        |    34 |    52 |    13 |       ||    99
       Chain mail        |       |       |    72 |    34 ||   106
       Skin              |       |       |       |    21 ||    21
Dodge: Dodged            |    25 |    46 |    73 |    23 ||   167
       Deflected         |       |     1 |     2 |       ||     3
Block: Shield            |    54 |    68 |   133 |    57 ||   312
